 Dungeon Crawl Stone Soup version 0.28-a0-461-g2dc4ca5097 (webtiles) character file.

Game seed: 15932102635905702578

896 heikuro the Slasher (level 8, -4/60 (63) HPs)
             Began as a Formicid Fighter on Sept 13, 2021.
             Was an Initiate of Gozag.
             Slain by a wight (11 damage)
             ... on level 5 of the Dungeon.
             The game lasted 00:07:08 (5675 turns).

heikuro the Slasher (Formicid Fighter)              Turns: 5675, Time: 00:07:08

HP:   -4/60 (63)    AC: 11    Str: 26    XL:     8   Next: 27%
MP:   17/17         EV:  8    Int:  8    God:    Gozag
Gold: 628           SH:  4    Dex: 11    Spells: 7/7 levels left

rFire   . . .      SeeInvis +   o - +8 dagger of Epeploc {freeze, Contam Will+ MP+9 Str+4}
rCold   . . .      Faith    .   c - +0 buckler
rNeg    . . .      Spirit   .   y - +0 chain mail
rPois   .          Reflect  .   (helmet unavailable)
rElec   .          Harm     .   (no cloak)
rCorr   .          Rampage  .   (no gloves)
Will    +....                   k - +0 pair of boots
Stlth   ..........              (no amulet)
HPRegen 0.20/turn               (no ring)
MPRegen 0.15/turn               (no ring)

@: lightly drained
A: permanent stasis, dig shafts and tunnels, antennae 3, four strong arms
a: Dig, Shaft Self, Renounce Religion, Potion Petition, Call Merchant, Bribe
Branch


You were on level 5 of the Dungeon.
You worshipped Gozag.
Gozag was pleased with you.
You visited 2 branches of the dungeon, and saw 7 of its levels.

You collected 655 gold pieces.
You paid 27 gold pieces to Gozag.

Inventory:

Hand Weapons
 a - a +0 long sword
 o - the +8 dagger of Epeploc (weapon) {freeze, Contam Will+ MP+9 Str+4}
   (You found it on level 4 of the Dungeon)

   It freezes those it strikes, dealing additional cold damage.
   It can also slow down cold-blooded creatures.
   Str:       It affects your strength (+4).
   MP:        It affects your magic capacity (+9).
   Contam:    It causes magical contamination when unequipped.
   Will:      It increases your willpower.
 z - the +6 trident of Callousness {vorpal, rPois rCorr}
   (You found it on level 6 of the Dungeon)

   It inflicts extra damage upon your enemies.
   rPois:     It protects you from poison.
   rCorr:     It protects you from acid and corrosion.
Missiles
 j - 16 poisoned darts
Armour
 c - a +0 buckler (worn)
 k - a +0 pair of boots (worn)
 y - a +0 chain mail (worn)
Wands
 r - a wand of iceblast (3)
 t - a wand of paralysis (6)
Scrolls
 g - a scroll of fog {unknown}
 h - 2 scrolls of noise {unknown}
 l - 3 scrolls of identify {unknown}
 n - a scroll of amnesia {unknown}
 p - a scroll of immolation {unknown}
 s - 3 scrolls of enchant weapon {unknown}
 u - a scroll of torment {unknown}
 v - a scroll of teleportation {unknown}
 x - a scroll of vulnerability {unknown}
Potions
 b - a potion of attraction {unknown}
 d - a potion of might
 e - a potion of lignification {unknown}
 f - a potion of haste {unknown}
 i - a potion of flight {unknown}
 m - 2 potions of degeneration {unknown}
 q - 2 potions of invisibility {unknown}
 w - a potion of berserk rage {unknown}


   Skills:
 + Level 5.6 Fighting
 * Level 6.2 Long Blades
 + Level 5.5 Armour
 - Level 3.6 Shields
 + Level 3.0 Evocations


You had 7 spell levels left.
You didn't know any spells.
Your spell library contained the following spells:

 Spells                   Type           Power      Damage    Failure   Level
 Pain                     Necr           0%         1d4       94%         1
 Dazzling Flash           Conj/Hex       0%         N/A       100%        3
 Gell's Gravitas          Tloc           0%         N/A       100%        3
 Lesser Beckoning         Tloc           0%         N/A       100%        3
 Teleport Other           Tloc           0%         N/A       100%        3
 Iskenderun's Mystic Bla  Conj/Tloc      0%         2d3       100%        4
 Agony                    Necr           0%         N/A       100%        5
 Excruciating Wounds      Necr           0%         N/A       100%        5
 Starburst                Conj/Fire      0%         6d3       100%        6


Dungeon Overview and Level Annotations

Branches:
Dungeon (6/15)             Temple (1/1) D:4

Altars:
Dithmenos
Elyvilon
Gozag
Hepliaklqana
Makhleb
Ru
Sif Muna
Wu Jian
Xom
Zin
Lugonu

Shops:
D:2 [


Innate Abilities, Weirdness & Mutations

You cannot be hasted, slowed, berserked, paralysed or teleported.
You can dig through walls and to a lower floor.
You have a pair of large antennae on your head. (SInv)
Your four strong arms can wield two-handed weapons with a shield.


Message History

You hit the white imp.
The white imp is almost dead.
You block the white imp's attack.
You hit the white imp.
You kill the white imp!
The kobold brigand throws a curare-tipped dart.
The curare-tipped dart barely misses you.
Your Evocations skill increases to level 3!
You swing at nothing.
A kobold comes into view. It is wielding a +0 club.
The kobold shouts!
The kobold brigand is distracted by your dazzling golden aura.
The wight is distracted by your dazzling golden aura.
The wight is no longer distracted by gold.
The wight is distracted by your dazzling golden aura.
The wight is no longer distracted by gold.
There is a stone staircase leading up here.
The wight hits you with a +0 great sword!
You climb upwards.
There is a stone staircase leading down here.
You are too injured to fight recklessly!
You are too injured to fight recklessly!
You are too injured to fight recklessly!
You closely miss the wight. The wight barely misses you.
You hit the wight.
The wight is moderately damaged.
The wight hits you with a +0 great sword!
You hit the wight.
The wight is severely damaged.
The wight hits you with a +0 great sword!
* * * LOW HITPOINT WARNING * * *
You feel drained.
* * * LOW HITPOINT WARNING * * *
You hit the wight but do no damage.
The wight is severely damaged.
You barely miss the wight.
The wight is severely damaged.
The wight hits you with a +0 great sword!
You die...
Your body crumbles into a pile of gold.

#.# ##.##.# #.#
#.# ##.#.#.# #.#
##.####.###..#
#.# .......##
##.# #.#
####..#.###.##
#[# #..##.#.##
#.# #..###.##
#.# #..#
#.#######z#
#..###.......@.#
#......#####...#
#.####.# #.###
#.# #.# #.# #.#
#.# #.# #.# #.#
#.# #.# #.# #.#
#.####.# #.#
#(..##.# #.#


You could see a wight.

Vanquished Creatures
  A water moccasin (D:5)
  An ogre (D:5)
  A phantom (D:5)
  A water moccasin zombie (D:6)
  A wight (D:6)
  A bullfrog zombie (D:6)
  A centaur zombie (D:5)
  3 jellies
  An orc priest (D:6)
  An iguana (D:5)
  3 orc wizards
  2 killer bee zombies
  2 hound skeletons (D:4)
  5 adders
  A shadow imp (D:5)
  A white imp (D:6)
  2 ufetubi
  An adder skeleton (D:4)
  2 worms
  A dart slug (D:2)
  15 orcs
  3 bats
  4 endoplasms
  2 giant cockroaches
  10 goblins
  6 hobgoblins
  12 jackals
  4 kobolds
  5 quokkas
  2 ball pythons
  A rat (D:3)
96 creatures vanquished.

Notes
Turn   | Place    | Note
-------+----------+-------------------------------------------
     0 | D:1      | heikuro the Formicid Fighter began the quest for the Orb.
     0 | D:1      | Reached XP level 1. HP: 18/18 MP: 1/1
   165 | D:1      | Reached XP level 2. HP: 24/24 MP: 2/2
   770 | D:2      | Found Rytoubb's Armour Shoppe.
   803 | D:2      | Reached XP level 3. HP: 26/29 MP: 3/3
  1000 | D:2      | Reached skill level 3 in Long Blades
  1027 | D:2      | Found a faded altar of an unknown god.
  1461 | D:3      | Found a sacrificial altar of Ru.
  1574 | D:3      | Reached XP level 4. HP: 6/37 MP: 4/4
  2205 | D:3      | Found an opulent altar of Gozag.
  2220 | D:3      | Became a worshipper of Gozag Ym Sagoz the Greedy
  2491 | D:3      | Found an ornate altar of the Wu Jian Council.
  2543 | D:3      | Reached XP level 5. HP: 42/42 MP: 5/5
  2716 | D:4      | Identified the +8 dagger of Epeploc {freeze, Contam Will+
                  | MP+9 Str+4}
  2805 | D:4      | Reached skill level 4 in Long Blades
  3070 | D:4      | Reached XP level 6. HP: 49/49 MP: 6/6
  3142 | D:4      | Found a staircase to the Ecumenical Temple.
  3164 | Temple   | Entered the Ecumenical Temple
  3728 | D:5      | Entered Level 5 of the Dungeon
  4125 | D:5      | Noticed an ogre
  4140 | D:5      | Killed an ogre
  4141 | D:5      | Reached skill level 5 in Long Blades
  4141 | D:5      | Reached skill level 1 in Evocations
  4141 | D:5      | Reached XP level 7. HP: 36/55 MP: 7/7
  4764 | D:5      | Reached skill level 5 in Fighting
  4770 | D:5      | Reached skill level 5 in Armour
  5202 | D:6      | Noticed a water moccasin
  5237 | D:5      | Killed a water moccasin
  5238 | D:5      | Reached XP level 8. HP: 17/63 MP: 8/8
  5534 | D:5      | Reached skill level 6 in Long Blades
  5568 | D:6      | Found a shimmering altar of Xom.
  5575 | D:6      | Identified the +6 trident of Callousness {vorpal, rPois
                  | rCorr}
  5675 | D:5      | Slain by a wight

Illustrated notes

Levels and vault maps discovered:
D:1:      erik_arrival_blinker_ship, layout_basic
D:2:      layout_basic, ebering_ecumenical_altar_box, serial_shops,
          shop_fountains, kennysheep_small_spiral,
          chequers_serial_rivers_micro_d
D:3:      layout_basic, pdpol_wu_jian_five_deadly_venoms,
          nicolae_overflow_hidden_temple,
          nicolae_gozag_cash_rules_everything_around_me
D:4:      layout_loops_corners, minmay_temple_entry_mist
D:5:      layout_loops_ring, minmay_door_square, minmay_ogre_servants
D:6:      layout_rooms, nicolae_kikubaaqudgha_miasma_corner,
          amcnicky_altar_gilded
Temple:   corrupted_temple

Skill      XL: |  1  2  3  4  5  6  7  8 |
---------------+-------------------------+-----
Long Blades    | 3 4 5 6 |  6.2
Fighting       | 4 5 |  5.6
Armour         | 4 5 |  5.5
Evocations     | 1 2 3 |  3.0
Shields        | |  3.6

Action                   |  1- 3 |  4- 6 |  7- 9 || total
-------------------------+-------+-------+-------++-------
Melee: Long sword        |    93 |    48 |       ||   141
       Dagger            |       |    88 |   107 ||   195
 Abil: Dig               |       |     2 |       ||     2
Evoke: Wand              |       |       |     3 ||     3
  Use: Potion            |       |       |     2 ||     2
 Stab: Paralysed         |       |       |     2 ||     2
Armor: Scale mail        |    51 |    50 |     7 ||   108
       Chain mail        |       |       |    23 ||    23
Dodge: Dodged            |    49 |    60 |    23 ||   132
Block: Buckler           |    12 |    26 |    12 ||    50

Table legend: (Time is in decaauts)
 A = Elapsed time spent in this place.
 B = Non-inter-level travel time spent in this place.
 C = Inter-level travel time spent in this place.
 D = Time resting spent in this place.
 E = Time spent auto-exploring this place.
 F = Levels seen in this place.
 G = Mean time per level.
                   A        B        C        D        E       F      G
               +--------+--------+--------+--------+--------+-----+--------+
         Total |   5691 |   5539 |    152 |    842 |   3657 |   7 |  813.0 |
       Dungeon |   5639 |   5499 |    140 |    842 |   3625 |   6 |  939.8 |
        Temple |     51 |     39 |     12 |      0 |     32 |   1 |   51.0 |
               +--------+--------+--------+--------+--------+-----+--------+

Top non-repeatable levels by time:
     D:5: 1619 daAuts
     D:3: 1051 daAuts
     D:4: 971 daAuts
     D:2: 926 daAuts
     D:1: 764 daAuts
     D:6: 306 daAuts
  Temple: 51 daAuts
